 Dungeon Crawl Stone Soup version 0.26.1-2-gb8aa6d0cf2 (webtiles) character file.

Game seed: 3591415366867958707

95 CryoSword the Gusty (level 4, -1/25 HPs)
             Began as a Tengu Air Elementalist on Feb 13, 2021.
             Slain by a killer bee (2 damage)
             ... on level 3 of the Dungeon on Feb 14, 2021.
             The game lasted 00:06:33 (2961 turns).

CryoSword the Gusty (Tengu Air Elementalist)        Turns: 2961, Time: 00:06:34

Health: -1/25      AC:  3    Str:  8    XL:     4   Next: 66%
Magic:  6/8        EV: 13    Int: 16    God:
Gold:   105        SH:  0    Dex: 15    Spells: 6/7 levels left

rFire    . . .     SeeInvis .   a - +0 short sword
rCold    . . .     Faith    .   (no shield)
rNeg     . . .     Spirit   .   c - +0 robe
rPois    .         Reflect  .   (helmet restricted)
rElec    .         Harm     .   o - +0 cloak
rCorr    .         Rampage  .   (no gloves)
Will     .....                  (boots unavailable)
Stlth    ++........             (no amulet)
HPRegen  0.08/turn              (no ring)
MPRegen  0.11/turn              (no ring)

@: lethally poisoned (-1 -> -22)
A: beak, talons 3
a: no special abilities


You were on level 3 of the Dungeon.
You visited 1 branch of the dungeon, and saw 3 of its levels.

You collected 105 gold pieces.

Inventory:

Hand Weapons
 a - a +0 short sword (weapon)
   (You took it off a kobold on level 1 of the Dungeon)
Missiles
 b - 178 stones (quivered)
 g - 8 boomerangs
 q - 3 boomerangs of dispersal {!f}
Armour
 c - a +0 robe (worn)
 o - a +0 cloak (worn)
   (You found it on level 2 of the Dungeon)
Scrolls
 j - 2 scrolls of identify {unknown}
 k - a scroll of enchant weapon {unknown}
 l - a scroll of remove curse {unknown}
 p - a scroll of enchant armour {unknown}
Potions
 d - a potion of heal wounds {unknown}
 e - a potion of curing {unknown}
 f - a potion of degeneration {unknown}
 h - 2 potions of lignification {unknown}
 i - a potion of might {unknown}
 m - a potion of berserk rage {unknown}
 n - a potion of magic {unknown}


   Skills:
 + Level 1.0 Fighting
 - Level 2.1 Dodging
 - Level 2.0 Stealth
 - Level 2.0 Spellcasting
 * Level 4.4 Conjurations
 + Level 5.0 Air Magic


You had 6 spell levels left.
You knew the following spells:

 Your Spells              Type           Power        Failure   Level
a - Shock                 Conj/Air       64%          3%          1

Your spell library contained the following spells:

 Spells                   Type           Power        Failure   Level
 Swiftness                Air            17%          3%          2
 Static Discharge         Conj/Air       16%          9%          3
 Airstrike                Air            8%           26%         4
 Lightning Bolt           Conj/Air       8%           63%         5


Dungeon Overview and Level Annotations

Branches:
Dungeon (3/15)

Altars:
Xom


Innate Abilities, Weirdness & Mutations

You have a beak for a mouth.
You have claws for feet.


Message History

b - 158 stones (gained 2)
There is an open door here.
b - 178 stones (gained 20)
You now have 90 gold pieces (gained 12).
Things that are here:
a +0 short sword; a +0 ring mail; a kobold corpse
There is an open door here.
A bat comes into view.
A bat is nearby!
Aim: a bat (asleep, 0% to evade)
The zap hits the bat.
You kill the bat!
Your Conjurations skill increases to level 4!
You have reached level 4!
You feel agile.
A bat comes into view.
A bat is nearby!
The zap hits the bat. x2
You kill the bat!
You hear an angry hiss.
A frilled lizard comes into view.
The zap hits the frilled lizard.
You kill the frilled lizard!
You now have 96 gold pieces (gained 6).
Things that are here:
a frilled lizard corpse; a bat corpse You see here a robe.
A hobgoblin comes into view.
Aim: a hobgoblin (asleep, 0% to evade)
The zap hits the hobgoblin.
You kill the hobgoblin!
You see here a hobgoblin corpse.
Done exploring.
Done exploring.
There is a stone staircase leading down here.
You climb downwards.
There is a stone staircase leading up here.
Found a stone staircase leading up.
There is a stone staircase leading up here.
A quokka comes into view.
A quokka is nearby!
Aim: a quokka (40% to evade)
The zap misses the quokka.
Aim: a quokka (40% to evade)
The zap hits the quokka.
Aim: a quokka (heavily wounded, 40% to evade)
The zap hits the quokka.
You kill the quokka!
Found a glowing ring mail.
j - 2 scrolls labelled TECOT QUITE (gained 1)
A frilled lizard comes into view.
The frilled lizard hisses angrily.
Aim: a frilled lizard (47% to evade)
The zap misses the frilled lizard.
Aim: a frilled lizard (47% to evade)
The zap misses the frilled lizard.
Aim: a frilled lizard (47% to evade)
The zap misses the frilled lizard.
The frilled lizard bites you.
Aim: a frilled lizard (47% to evade)
The zap hits the frilled lizard.
You kill the frilled lizard!
You see here a frilled lizard corpse.
A hound comes into view.
Found a stone staircase leading up.
A hound is nearby!
The zap hits the hound.
The hound barks!
The zap misses the hound.
The zap misses the hound.
The hound bites you. The hound bites you but does no damage.
Unknown command.
The zap hits the hound.
The hound bites you.
The zap hits the hound.
The hound barely misses you. The hound bites you.
Unknown command.
The zap hits the hound.
The hound bites you.
The zap hits the hound.
You kill the hound!
Your Fighting skill increases to level 1!
Your Air Magic skill increases to level 5!
A rat comes into view.
The zap hits the rat!
You kill the rat!
You can't see any susceptible monsters within range! (Use Z to cast anyway.)
Found a pair of embroidered boots.
You see here a pair of embroidered boots.
You see here a pair of embroidered boots.
q - a pair of embroidered boots
Okay, then.
Okay, then.
There are no items here.
Okay, then.
Drop what? 17/52 slots (_ for help) (? for menu, Esc to quit)
You drop a pair of embroidered boots.
Found 13 bolts.
Found a long sword.
You see here a long sword.
An orc comes into view.
It is quivering 4 boomerangs of dispersal.
Aim: an orc, wearing a +0 chain mail and quivering 4 boomerangs of dispersal (asleep, 0% to evade)
The zap hits the orc.
The orc throws a boomerang of dispersal.
The boomerang of dispersal closely misses you.
Aim: an orc, wearing a +0 chain mail and quivering 3 boomerangs of dispersal (lightly wounded, 21% to evade)
The zap misses the orc.
Aim: an orc, wearing a +0 chain mail and quivering 3 boomerangs of dispersal (lightly wounded, 21% to evade)
The zap hits the orc.
You kill the orc!
You now have 105 gold pieces (gained 9).
q - 3 boomerangs of dispersal {!f}
Things that are here:
a +0 chain mail; an orc corpse A killer bee comes into view.
Found a stone staircase leading down.
Aim: a killer bee (asleep, 0% to evade)
The zap hits the killer bee.
The killer bee buzzes angrily.
You hear an angry buzzing noise.
A killer bee comes into view. x2
Aim: a killer bee (moderately wounded, 57% to evade)
The zap hits the killer bee.
The zap misses the killer bee.
The killer bee buzzes angrily.
You hear an angry hiss.
A killer bee comes into view. x2
The killer bee stings you!
You are poisoned.
The killer bee poisons you!
You open the door.
You feel sick. The killer bee barely misses you. The killer bee stings you.
* * * LOW HITPOINT WARNING * * *
You are lethally poisoned!
The killer bee poisons you!
* * * LOW HITPOINT WARNING * * *
You feel sick.
There is an open door here.
* * * LOW HITPOINT WARNING * * *
You feel sick.
* * * LOW HITPOINT WARNING * * *
You feel sick. The killer bee closely misses you.
* * * LOW HITPOINT WARNING * * *
You feel sick. The killer bee closely misses you. The killer bee stings you.
* * * LOW HITPOINT WARNING * * *
You are more poisoned.
The killer bee poisons you! The killer bee barely misses you.
Unknown command.
Unknown command.
Unknown command.
Aim: a killer bee (heavily wounded, 57% to evade)
The zap hits the killer bee.
The zap misses the killer bee.
* * * LOW HITPOINT WARNING * * *
You feel sick. The killer bee closely misses you.
The killer bee completely misses you. The killer bee barely misses you.
The killer bee stings you.
You die...

####### #.....# ######
#.....###############.....
#.....'yy@.[..............
#..[..##y#.##########.....
#.....##+#.# #.....
#.......)..# ######
#..........# ###........#
####.y...# #.....# #.(y..#


You could see 3 killer bees.

Vanquished Creatures
  A hound (D:3)
  An adder (D:2)
  A leopard gecko (D:1)
  An orc (D:3)
  2 giant cockroaches (D:1)
  2 goblins (D:1)
  7 hobgoblins
  10 jackals
  A quokka (D:3)
  9 bats
  4 frilled lizards
  5 kobolds
  9 rats
53 creatures vanquished.

Notes
Turn   | Place    | Note
-------+----------+-------------------------------------------
     0 | D:1      | CryoSword the Tengu Air Elementalist began the quest for
                  | the Orb.
     0 | D:1      | Reached XP level 1. HP: 10/10 MP: 4/4
   310 | D:1      | Reached XP level 2. HP: 15/15 MP: 4/6
  1046 | D:1      | Reached XP level 3. HP: 19/19 MP: 5/7
  2029 | D:2      | Found a shimmering altar of Xom.
  2473 | D:2      | Reached XP level 4. HP: 24/24 MP: 6/8
  2781 | D:3      | Reached skill level 1 in Fighting
  2781 | D:3      | Reached skill level 5 in Air Magic
  2960 | D:3      | HP: 1/25 [killer bee (5)]
  2961 | D:3      | Slain by a killer bee

Illustrated notes

Levels and vault maps discovered:
D:1:      dpeg_arrival_simpleton_a, layout_basic,
          corexii_item_surrounded_by_moat, chequers_serial_rivers_room_b,
          minmay_cut_off
D:2:      layout_loops_corners, tgw_xom
D:3:      layout_basic, nicolae_qazlal_style_of_elements

Skill      XL: |  1  2  3  4 |
---------------+-------------+-----
Conjurations   | 2 3 4 |  4.4
Fighting       | 1 |  1.0
Air Magic      | 5 |  5.0
Dodging        | |  2.1
Stealth        | |  2.0
Spellcasting   | |  2.0

Action                   |  1- 3 |  4- 6 || total
-------------------------+-------+-------++-------
Melee: Peck              |     2 |       ||     2
       Unarmed           |     1 |       ||     1
       Short sword       |     4 |       ||     4
       Kick              |     1 |       ||     1
Throw: Stone             |     3 |       ||     3
 Cast: Shock             |    83 |    23 ||   106
Armor: Robe              |    12 |     1 ||    13
Dodge: Dodged            |    18 |     9 ||    27
